 Dungeon Crawl Stone Soup version 0.20-a0-731-gecde0bf (console) character file.

8743 nht the Slicer (level 11, 0/96 HPs)
             Began as a Halfling Assassin on Feb 22, 2017.
             Was a High Priest of Okawaru.
             Slain by a death yak simulacrum (27 damage)
             ... in an ice cave.
             The game lasted 00:22:44 (10712 turns).

nht the Slicer (Halfling Assassin)                 Turns: 10712, Time: 00:22:46

Health: 0/96       AC: 25    Str: 12    XL:     11   Next: 61%
Magic:  13/13      EV:  3    Int:  9    God:    Okawaru [*****.]
Gold:   516        SH:  0    Dex: 25    Spells: 10/10 levels left

rFire    . . .     SeeInvis .   a - +8 demon blade (venom)
rCold    . . .     Gourm    +   (armour currently unavailable)
rNeg     + + +     Faith    .   (shield restricted)
rPois    +         Spirit   .   (helmet currently unavailable)
rElec    .         Reflect  .   (cloak currently unavailable)
rCorr    .         Harm     .   (gloves currently unavailable)
MR       .....     NoTele   +   (boots currently unavailable)
Stlth    +++++.....             t - amulet of the gourmand
Regen    0.3/turn               r - ring of flight
MPRegen  0.2/turn               w - ring of wizardry

@: agile, tree-form
A: mutation resistance 1
a: Heroism, Finesse, Renounce Religion


You were in an ice cave.
You worshipped Okawaru.
Okawaru was extremely pleased with you.
You were completely stuffed.
You were a tree.
You visited 2 branches of the dungeon, and saw 12 of its levels.
You also visited: Ice Cave.

You collected 516 gold pieces.

Inventory:

Hand Weapons
 a - a +8 demon blade of venom (weapon)
 b - the +1 dagger "Suan" {drain, rElec}
   (You took it off an orc on level 10 of the Dungeon)

   A truly terrible weapon, it drains the life of those it strikes.
   It insulates you from electricity.
 i - a +2 dagger of distortion
 y - a +2 short sword of protection
 M - a +1 blowgun
 P - a cursed -1 blowgun
Missiles
 e - 55 poisoned needles
 f - 2 curare-tipped needles
 l - 16 tomahawks (quivered)
 u - 7 silver tomahawks
 x - 75 sling bullets
 D - 3 throwing nets
Armour
 c - a +1 pair of gloves (melded)
 d - a +0 cloak (melded)
 G - a +3 leather armour (melded)
 I - a cursed +0 leather armour
 J - a +1 hat of magic resistance (melded)
Jewellery
 q - an uncursed ring of poison resistance {unknown}
 r - a ring of flight (right branch)
 t - an amulet of the gourmand (around neck)
 w - a ring of wizardry (left branch)
 A - an uncursed ring of wizardry
Wands
 F - a wand of flame (13/48)
 K - a wand of digging (13/24)
 L - a wand of acid (8/15)
Scrolls
 h - 4 scrolls of identify
 j - a scroll of magic mapping
 m - a scroll of teleportation
 n - 3 scrolls of remove curse
 s - a scroll of enchant armour
Potions
 k - 2 potions of magic
 v - 3 potions of ambrosia
 z - 3 potions of flight
 B - 5 potions of brilliance
 H - 3 potions of curing
 O - a potion of agility
 R - a potion of heal wounds
Books
 E - a Grand Grimoire

   Spells                             Type                      Level
   a - Monstrous Menagerie            Summoning                    7
   b - Summon Greater Demon           Summoning                    7
   c - Malign Gateway                 Summoning/Translocation      7
   d - Summon Horrible Things         Summoning                    8
Comestibles
 g - 7 bread rations
 o - 5 meat rations
 p - 7 royal jellies
 C - 7 fruits
 Q - 4 chunks of flesh


   Skills:
 - Level 1.7 Fighting
 - Level 11.6(14.0) Short Blades
 + Level 11.2(12.6) Long Blades
 - Level 5.4 Throwing
 - Level 3.5 Dodging
 - Level 8.2 Stealth
 + Level 2.9 Invocations


You had 10 spell levels left.
You didn't know any spells.

Dungeon Overview and Level Annotations

Branches:
Dungeon (11/15)            Temple (1/1) D:5            Lair (0/6) D:11
    Orc (0/2) D:9

Altars:
Ashenzari
Cheibriados
Dithmenos
Elyvilon
Fedhas
Gozag
Hepliaklqana
Kikubaaqudgha
Makhleb
Nemelex Xobeh
Okawaru
Qazlal
Ru
Sif Muna
Trog
Uskayaw
Vehumet
Wu Jian
Xom
Yredelemnul
Zin
The Shining One

Shops:
D:6 :

Annotations:
D:5 dig


Innate Abilities, Weirdness & Mutations

You are small and have problems with some larger weapons.
You are somewhat resistant to further mutation.


Message History

The elephant simulacrum tramples you but does no damage.
The elephant simulacrum trunk-slaps you.
The elephant simulacrum freezes you!!
You hit the death yak simulacrum.
The death yak simulacrum is heavily damaged.
You hit the death yak simulacrum.
The death yak simulacrum is heavily damaged.
The death yak simulacrum gores you. The death yak simulacrum freezes you!!!
* * * LOW HITPOINT WARNING * * *
The elephant simulacrum tramples you but does no damage.
The elephant simulacrum trunk-slaps you but does no damage.
You hit the death yak simulacrum.
The death yak simulacrum is heavily damaged.
Okay, then.
It was a potion of agility.
You feel agile all of a sudden. The death yak simulacrum gores you.
* * * LOW HITPOINT WARNING * * *
The death yak simulacrum freezes you!!
You die... ████

██..██
███....██
..██..Z....█
.....ZZ♣.∩.█
█.....Z....█
██..██....██
██ ██..██


████ You could see a death yak simulacrum, an elephant simulacrum and 2 swamp
dragon simulacra.

Vanquished Creatures
  Gastronok (D:8)
  A hornet (D:10)
  4 hippogriffs
  A vampire (D:10)
  Sigmund (D:3)
  Eustachio (D:5)
  A hungry ghost (D:8)
  3 orc warriors
  4 ice beasts
  2 black bears
  4 phantoms
  3 centaurs
  3 ogres
  A big kobold (D:11)
  Blork the orc (D:5)
  5 bullfrogs
  A scorpion (D:6)
  2 troll zombies (D:9)
  9 killer bees (D:10)
  4 howler monkeys
  5 wights
  3 crimson imps
  2 jellies
  6 orc priests
  A bullfrog skeleton (D:9)
  5 hounds
  6 iguanas
  11 orc wizards
  7 worker ants
  6 ogre zombies (D:9)
  3 hound skeletons
  11 gnolls
  A howler monkey skeleton (D:5)
  15 adders
  A shadow imp (D:8)
  An ooze (D:2)
  An adder zombie (D:10)
  2 dart slugs
  4 worms
  3 leopard geckos
  25 orcs
  2 giant cockroaches
  7 goblins
  7 hobgoblins
  13 jackals
  14 kobolds
  3 quokkas
  4 ball pythons
  A ball python skeleton (D:5)
  10 bats
  5 frilled lizards
  A goblin skeleton (D:9)
  2 goblin zombies (D:9)
  A hobgoblin skeleton (D:9)
  3 hobgoblin zombies (D:9)
  An orc skeleton (D:9)
  12 orc zombies (D:9)
  8 rats
  A plant (D:1)
266 creatures vanquished.

Vanquished Creatures (others)
  A catoblepas (D:10)
  A two-headed ogre (D:9)
  A troll (D:9)
  2 sky beasts
  A hornet zombie (D:5)
  A bullfrog (D:10)
  A scorpion (D:9)
  2 killer bees (D:10)
  A crimson imp (D:10)
  A centaur zombie (D:7)
  An orc wizard (D:6)
  A worker ant (D:8)
  A howler monkey skeleton (D:10)
  2 adders
  An adder zombie (D:6)
  2 orcs
  A bat (D:3)
  A hobgoblin skeleton (D:9)
  A hobgoblin zombie (D:9)
  2 orc zombies (D:9)
25 creatures vanquished.

Grand Total: 291 creatures vanquished

Notes
Turn   | Place    | Note
-------+----------+-------------------------------------------
     0 | D:1      | nht the Halfling Assassin began the quest for the Orb.
     0 | D:1      | Reached XP level 1. HP: 14/14 MP: 1/1
   264 | D:1      | Reached XP level 2. HP: 18/19 MP: 2/2
  1015 | D:1      | Reached skill level 5 in Stealth
  1015 | D:1      | Reached XP level 3. HP: 24/24 MP: 3/3
  1203 | D:2      | Reached XP level 4. HP: 9/29 MP: 4/4
  1595 | D:2      | Found a shimmering altar of Xom.
  2187 | D:2      | Found a faded altar of an unknown god.
  2462 | D:2      | Reached XP level 5. HP: 14/34 MP: 5/5
  2777 | D:3      | Noticed Sigmund
  3094 | D:3      | Killed Sigmund
  3094 | D:3      | Reached XP level 6. HP: 39/39 MP: 6/6
  3682 | D:4      | Reached XP level 7. HP: 38/44 MP: 7/7
  4211 | D:4      | Reached XP level 8. HP: 45/49 MP: 8/8
  4887 | D:5      | Entered Level 5 of the Dungeon
  5243 | D:5      | Noticed Eustachio
  5249 | D:5      | Noticed Blork the orc
  5260 | D:5      | Reached skill level 10 in Short Blades
  5269 | D:5      | Killed Blork the orc
  5272 | D:5      | Killed Eustachio
  5287 | D:5      | Found a staircase to the Ecumenical Temple.
  5331 | Temple   | Entered the Ecumenical Temple
  5474 | Temple   | Became a worshipper of Warmaster Okawaru
  5849 | D:6      | Reached XP level 9. HP: 48/54 MP: 9/9
  6077 | D:6      | Reached * piety under Okawaru
  6511 | D:6      | Found Biodouw's Book Shoppe.
  6632 | D:6      | Found a blossoming altar of Fedhas.
  7078 | D:7      | Reached skill level 5 in Throwing
  7154 | D:7      | Reached ** piety under Okawaru
  7563 | D:8      | Noticed Gastronok
  7567 | D:8      | Killed Gastronok
  7567 | D:8      | Reached *** piety under Okawaru
  7567 | D:8      | Reached **** piety under Okawaru
  7567 | D:8      | Reached XP level 10. HP: 60/60 MP: 10/10
  7706 | D:8      | Found a deep blue altar of Sif Muna.
  7725 | D:8      | Reached ***** piety under Okawaru
  8327 | D:9      | Found a staircase to the Orcish Mines.
  8468 | D:9      | Reached XP level 11. HP: 17/64 MP: 11/11
  8974 | D:9      | Noticed a two-headed ogre
  8983 | D:9      | Banished a two-headed ogre
  8983 | D:9      | Reached skill level 10 in Long Blades
  9447 | D:10     | Entered Level 10 of the Dungeon
  9456 | D:10     | Killed a catoblepas
  9537 | D:10     | Reached skill level 1 in Invocations
  9787 | D:10     | Received a gift from Okawaru
  9858 | D:10     | Got a warped dagger {drain}
  9966 | D:10     | Identified the cursed +1 dagger "Suan" {drain, rElec} (You took it off an orc on level 10 of the Dungeon)
 10029 | D:10     | Found a shimmering altar of Xom.
 10668 | D:11     | Found a frozen archway.
 10702 | IceCv    | Entered an ice cave
 10712 | IceCv    | Slain by a death yak simulacrum

Vault maps used:
D:1:      zaba_arrival_water, serial_bayou, serial_bayou_crossing,
          serial_bayou_shore_a, serial_bayou_lagoon_a, serial_bayou_pond_e,
          serial_bayou_ford_a, serial_bayou_lagoon_b
D:2:      xom_teletrap_fun, chequers_ecumenical_altar_twisty, minmay_circled_x
D:3:      first_bread, uniq_sigmund
D:4:      minmay_large_rounded_square, minmay_misc_feat_encased,
          minmay_a_box_with_orc_wizards_in_it
D:5:      minmay_temple_entry_junction_2, lightli_sewer_entry_pipes,
          minmay_misc_feat_more_columns, sword_in_stone
D:6:      serial_shops, shop_statue, fedhas_altar_4
D:8:      nicolae_overflow_crystal_walls, grunt_ogre_cave, uniq_gastronok
D:9:      zombieorc2_lemuel
D:10:     basic_altar, lemuel_flamethrower_hall
D:11:     erik_lair_dragon, portal_ice_cave_entry_pillars_1, uniq_sonja,
          uniq_nergalle
Temple:   regret_index_temple_chain_breaker
IceCv:    ice_cave_small_necro

Skill      XL: |  1  2  3  4  5  6  7  8  9 10 11 |
---------------+----------------------------------+-----
Short Blades   | 3 4 6 7 9 11 | 11.6
Stealth        | 5 6 8 |  8.2
Throwing       | 5 |  5.4
Dodging        | 3 |  3.5
Long Blades    | 6 8 11 | 11.2
Invocations    | 2 |  2.9
Fighting       | |  1.7

Action                   |  1- 3 |  4- 6 |  7- 9 | 10-12 || total
-------------------------+-------+-------+-------+-------++-------
Melee: Dagger            |   272 |   194 |   314 |   370 ||  1150
       Punch             |       |       |       |     2 ||     2
       Demon blade       |       |       |       |    42 ||    42
 Fire: Blowgun           |     1 |     2 |       |       ||     3
Invok: Heroism           |       |       |       |     5 ||     5
Evoke: Wand              |       |       |     3 |     6 ||     9
  Use: Potion            |     2 |     3 |     3 |     5 ||    13
       Scroll            |       |       |    14 |     7 ||    21
 Stab: Sleeping          |     6 |     6 |    18 |    19 ||    49
       Invisible         |       |       |     1 |       ||     1
       Distracted        |       |       |     3 |     6 ||     9
  Eat: Chunk             |     1 |    25 |    12 |    15 ||    53
Armor: Robe              |     7 |       |       |       ||     7
       Leather armour    |     6 |    48 |    41 |    70 ||   165
       Skin              |       |       |       |     3 ||     3
Dodge: Dodged            |    70 |   116 |   121 |   246 ||   553
       Rpst.: Demon blade |       |       |       |     6 ||     6
